 Dungeon Crawl Stone Soup version 0.29-a0-25-g7f48f510a0 (webtiles) character file.

Game seed: 9924713194340742434

13454 testman the Thaumaturge (level 12, -13/94 HPs)
             Began as a Djinni Hedge Wizard on Jan 30, 2022.
             Was a Believer of Makhleb.
             Mangled by Rupert (15 damage)
             ... on level 11 of the Dungeon on Jan 31, 2022.
             The game lasted 01:37:40 (16604 turns).

testman the Thaumaturge (Djinni Hedge Wizard)      Turns: 16604, Time: 01:37:40

Health: -13/94     AC: 12    Str: 15    XL:     12   Next: 32%
Gold:   471        EV: 11    Int: 25    God:    Makhleb [**....] SH:  0 Dex: 17

rFire   + + +      SeeInvis .   r - +8 short sword "Tyaw" {spect, Contam rF+ rN+ rCorr}
rCold   x . .      Faith    +   (no shield)
rNeg    + . .      Spirit   .   D - +5 ring mail of Exclusion {Rampage rF+ Dex+2}
rPois   ∞          Reflect  .   c - +0 hat
rElec   .          Harm     .   j - +0 cloak
rCorr   +          Rampage  +   (no gloves)
Will    +....                   (boots unavailable)
Stlth   +.........              u - amulet of faith
HPRegen 0.25/turn               v - +6 ring of strength
MPRegen 0.00/turn               w - +6 ring of intelligence

@: flying
A: sickness immunity, fire resistance 2, cold vulnerability 1, float, innate
caster, HP casting, extra vitality 1
a: Renounce Religion, Minor Destruction


You were on level 11 of the Dungeon.
You worshipped Makhleb.
Makhleb was pleased with you.
You visited 2 branches of the dungeon, and saw 13 of its levels.
You also visited: Ossuary.

You collected 471 gold pieces.

Inventory:

Hand Weapons
 r - the +8 short sword "Tyaw" (weapon) {spect, Contam rF+ rN+ rCorr}
   (You found it on level 6 of the Dungeon)

   When its wielder attacks, the weapon's spirit leaps out and strikes again.
   The spirit shares a part of any damage it takes with its wielder.
   rF:        It protects you from fire.
   rN:        It protects you from negative energy.
   Contam:    It causes magical contamination when unequipped.
   rCorr:     It protects you from acid and corrosion.
Missiles
 b - 20 poisoned darts
 g - 291 stones
 t - a throwing net
 z - 4 boomerangs
Armour
 c - a +0 hat (worn)
 j - a +0 cloak (worn)
 D - the +5 ring mail of Exclusion (worn) {Rampage rF+ Dex+2}
   (You found it on level 8 of the Dungeon)

   Dex:       It affects your dexterity (+2).
   rF:        It protects you from fire.
   Rampage:   It bestows one free step when moving towards enemies.
Jewellery
 i - an amulet of reflection
 u - an amulet of faith (around neck)
 v - a +6 ring of strength (left hand)
 w - a +6 ring of intelligence (right hand)
Wands
 d - a wand of flame (15)
 h - a wand of polymorph (12)
 m - a wand of paralysis (14)
 B - a wand of digging (13)
Scrolls
 e - 4 scrolls of teleportation
 f - 2 scrolls of identify
 n - a scroll of silence
 A - a scroll of immolation
 E - 3 scrolls of fog
Potions
 a - a potion of brilliance
 k - a potion of mutation
 l - a potion of invisibility
 p - 4 potions of resistance
 q - 2 potions of curing
 s - 5 potions of lignification
 x - 4 potions of haste
 C - 2 potions of heal wounds


   Skills:
 + Level 11.2 Fighting
 + Level 5.4 Armour
 - Level 2.1 Dodging
 - Level 1.5 Stealth
 + Level 11.4 Spellcasting


You had 7 spell levels left.
You knew the following spells:

 Your Spells              Type           Power      Damage    Failure   Level
a - Magic Dart            Conj           100%       1d8       1%          1
b - Blink                 Tloc           100%       N/A       1%          2
c - Call Imp              Summ           64%        N/A       1%          2
d - Slow                  Hex            100%       N/A       1%          1
e - Conjure Flame         Conj/Fire      64%        6-21      1%          3
f - Mephitic Cloud        Conj/Pois/Air  64%        N/A       1%          3
g - Sting                 Tmut/Pois      100%       1d8       1%          1
h - Searing Ray           Conj           100%       2d8       1%          2
i - Corpse Rot            Necr/Air       100%       N/A       1%          2
j - Fulminant Prism       Conj/Hex       32%        3d16      1%          4
k - Yara's Violent Unrav  Hex/Tmut       32%        3d13      1%          5
Your spell library was empty.

Dungeon Overview and Level Annotations

Branches:
Dungeon (12/15)            Temple (1/1) D:5            Lair (0/6) D:8
    Orc (0/2) D:11        Ossuary (visited)

Altars:
Ashenzari
Cheibriados
Dithmenos
Elyvilon
Fedhas
Gozag
Hepliaklqana
Kikubaaqudgha
Makhleb
Nemelex Xobeh
Okawaru
Qazlal
Ru
Sif Muna
Trog
Uskayaw
Vehumet
Wu Jian
Xom
Yredelemnul
Zin
The Shining One

Annotations:
D:11 Rupert
D:12 Urug


Innate Abilities, Weirdness & Mutations

You are immune to sickness and miasma.
You are immune to poison.
Your flesh is very heat resistant. (rF++)
You are vulnerable to cold. (rC-)
You float through the air rather than walking.
You learn spells naturally, not from books.
Your magical power is your life essence.
You have superior vitality. (+4 MHP)


Message History

The boulder beetle is heavily wounded.
Your +8 short sword "Tyaw" {spect, Contam rF+ rN+ rCorr} hits the boulder beetle!
The boulder beetle is engulfed in blazing flames.
The boulder beetle bites your +8 short sword "Tyaw" {spect, Contam rF+ rN+ rCorr}!!
Your spectral weapon shares its damage with you!
You catch the helpless boulder beetle completely off-guard!
You puncture the boulder beetle!
The boulder beetle is severely wounded.
Your +8 short sword "Tyaw" {spect, Contam rF+ rN+ rCorr} hits the boulder beetle!!
You kill the boulder beetle!
Makhleb accepts your kill.
You start resting.
HP restored.
You see here a boulder beetle corpse.
There is a stone staircase leading down here.
You fly downwards.
Level annotation: Urug Rupert shouts!
The gnoll sergeant shouts!
The gnoll hits you but does no damage.
The boulder beetle bites you but does no damage.
There is a stone staircase leading up here.
The boulder beetle bites you!!
You fly upwards.
There is a stone staircase leading down here.
Press: ? - help, v - describe, . - travel
Here: Rupert, wielding a +4 great sword of freezing and wearing a +3 leather armour of fire resistance The floor.
Casting: Yara's Violent Unravelling (dangerous; 1% risk of failure)
Confirm with . or Enter, or press ? or * to list all spells.
You blink.
Rupert screams, "Hurray!"
Rupert roars madly and goes into a rage!
Rupert goes berserk!
Rupert hits you with a +4 great sword of freezing!!
Rupert freezes you.
There is a stone staircase leading up here.
Rupert hits you with a +4 great sword of freezing!!!
* * * LOW HITPOINT WARNING * * *
Rupert freezes you!
You die...

#...........#.#
#...........#.#
#...........#.#
#.............#
#.............#
#########†##..# #.##..#
#############.##..######
.............§B@@......#
####.########.##..######
#.# #.##..## #.#
##......#### #.#
#..........# #.#
##.###.###.# #.# #.# #.#
#.# #.# #.###.###.#
####.#### #.#.......#


You could see Rupert (berserk) and a boulder beetle.

Vanquished Creatures
  Erolcha (D:12)
  2 boulder beetles (D:11)
  A hydra (D:8)
  Erica (D:8)
  2 two-headed ogres
  2 manticores (D:11)
  A deep elf pyromancer (D:12)
  Joseph (D:7)
  A kobold demonologist (D:10)
  2 trolls (D:11)
  3 slime creatures
  A vampire (D:11)
  3 wyverns
  2 wraiths
  A shadow (D:10)
  A basilisk (D:8)
  7 yaks
  2 vampire mosquitoes (D:10)
  2 steam dragons (D:6)
  Menkaure (D:7)
  2 acid dragons
  2 water moccasins (D:8)
  An ice beast (D:8)
  An orc warrior (D:4)
  2 black bears
  3 ogres
  2 necrophages
  3 centaurs
  A phantom (D:6)
  A kobold brigand (D:6)
  5 bullfrogs
  2 scorpions (D:8)
  4 water moccasin zombies (Ossuary)
  3 killer bees (D:8)
  12 wights
  A centaur zombie (D:9)
  Crazy Yiuf (D:2)
  A gnoll shaman (D:5)
  A jelly (D:6)
  2 bullfrog skeletons
  3 orc priests
  2 centaur skeletons
  5 hounds
  5 iguanas
  3 orc wizards
  A scorpion zombie (D:5)
  2 mummies (Ossuary)
  A howler monkey zombie (D:11)
  4 gnolls (D:5)
  7 adders
  2 white imps
  An ufetubus (D:7)
  11 adder zombies (Ossuary)
  2 worms
  A dart slug (D:1)
  18 orcs
  7 endoplasms
  A giant cockroach (D:1)
  6 gnoll zombies (Ossuary)
  8 goblins
  9 hobgoblins
  2 quokkas
  8 ball pythons
  5 bats
  4 frilled lizards
  3 hobgoblin zombies (Ossuary)
  11 kobolds
  A kobold zombie (Ossuary)
  3 orc zombies (Ossuary)
  2 rats
225 creatures vanquished.

Vanquished Creatures (others)
  Psyche (D:9)
  An orc priest (D:12)
  21 fulminant prisms
  11 fungi
  16 plants (D:8)
50 creatures vanquished.

Grand Total: 275 creatures vanquished

Notes
Turn   | Place    | Note
-------+----------+-------------------------------------------
     0 | D:1      | testman the Djinni Hedge Wizard began the quest for the
                  | Orb.
     0 | D:1      | Reached XP level 1. HP: 15/15 MP: 0/0
   338 | D:1      | Reached XP level 2. HP: 15/21 MP: 0/0
  1344 | D:2      | Reached XP level 3. HP: 22/25 MP: 0/0
  1344 | D:2      | Learned a level 1 spell: Sting
  1663 | D:2      | Found a runed translucent door.
  1664 | D:2      | Noticed Crazy Yiuf
  1677 | D:2      | Killed Crazy Yiuf
  1678 | D:2      | Reached XP level 4. HP: 15/31 MP: 0/0
  2440 | D:3      | Paralysed by a hobgoblin for 3 turns
  2589 | D:3      | Noticed an ogre
  2599 | D:3      | Killed an ogre
  2600 | D:3      | Reached XP level 5. HP: 25/35 MP: 0/0
  2600 | D:3      | Learned a level 2 spell: Searing Ray
  2965 | D:3      | Reached XP level 6. HP: 37/40 MP: 0/0
  3288 | D:4      | Noticed an orc warrior
  3330 | D:4      | Found a sand-covered staircase.
  3331 | D:4      | Found a shadowy altar of Dithmenos.
  3338 | Ossuary  | Entered an ossuary
  3356 | Ossuary  | Reached skill level 5 in Spellcasting
  3637 | Ossuary  | Reached XP level 7. HP: 20/45 MP: 0/0
  3637 | Ossuary  | Learned a level 2 spell: Corpse Rot
  4140 | D:4      | Found a broken altar of Ashenzari.
  4142 | D:4      | Found a blossoming altar of Fedhas.
  4160 | D:5      | Entered Level 5 of the Dungeon
  4831 | D:5      | Found a staircase to the Ecumenical Temple.
  4842 | D:5      | Reached XP level 8. HP: 9/50 MP: 0/0
  4848 | Temple   | Entered the Ecumenical Temple
  5154 | Temple   | Became a worshipper of Makhleb the Destroyer
  6134 | D:4      | Reached skill level 1 in Fighting
  7427 | D:6      | Reached XP level 9. HP: 44/61 MP: 0/0
  7427 | D:6      | Learned a level 4 spell: Fulminant Prism
  7561 | D:6      | Identified the +8 short sword "Tyaw" {spect, Contam rF+ rN+
                  | rCorr}
  8130 | D:6      | Reached * piety under Makhleb
  8331 | D:7      | Reached skill level 5 in Fighting
  8527 | D:7      | Noticed Menkaure
  8531 | D:7      | Killed Menkaure
  8699 | D:7      | Noticed Joseph
  9739 | D:6      | Upgraded the game from 0.29-a0-23-ga79f92ac9c to
                  | 0.29-a0-25-g7f48f510a0
  9755 | D:7      | Killed Joseph
  9756 | D:7      | Reached XP level 10. HP: 50/73 MP: 0/0
 10238 | D:8      | Noticed Erica
 10511 | D:8      | Killed Erica
 10651 | D:8      | Reached skill level 10 in Spellcasting
 10838 | D:8      | Found a staircase to the Lair.
 10915 | D:8      | Noticed a two-headed ogre
 10946 | D:8      | Reached ** piety under Makhleb
 10950 | D:8      | Killed a two-headed ogre
 10951 | D:8      | Reached XP level 11. HP: 72/84 MP: 0/0
 10951 | D:8      | Learned a level 5 spell: Yara's Violent Unravelling
 11183 | D:8      | Noticed a five-headed hydra
 11199 | D:8      | Killed a five-headed hydra
 11523 | D:8      | Found a white marble altar of Elyvilon.
 11653 | D:8      | Identified the +5 ring mail of Exclusion {Rampage rF+
                  | Dex+2}
 12012 | D:9      | Noticed Psyche
 12319 | D:8      | Reached skill level 1 in Armour
 12451 | D:9      | Killed Psyche
 12471 | D:9      | HP: 2/85 [centaur/arrow (6)]
 12791 | D:9      | Reached skill level 10 in Fighting
 13135 | D:9      | Found a bloodstained altar of Trog.
 13135 | D:9      | Found a basalt altar of Yredelemnul.
 13209 | D:10     | Entered Level 10 of the Dungeon
 14293 | D:11     | Noticed a boulder beetle
 14692 | D:11     | Noticed a manticore
 14705 | D:11     | Killed a manticore
 14953 | D:11     | Killed a boulder beetle
 15134 | D:11     | Found a staircase to the Orcish Mines.
 15249 | D:11     | Noticed a manticore
 15254 | D:11     | Killed a manticore
 15474 | D:11     | Reached XP level 12. HP: 82/93 MP: 0/0
 15740 | D:12     | Noticed Erolcha
 15783 | D:12     | Noticed Urug
 15783 | D:12     | Noticed a boulder beetle
 16193 | D:12     | Noticed a two-headed ogre
 16206 | D:12     | Killed a two-headed ogre
 16210 | D:12     | Killed Erolcha
 16210 | D:12     | Noticed a boulder beetle
 16210 | D:12     | Noticed a boulder beetle
 16211 | D:12     | Reached skill level 5 in Armour
 16460 | D:11     | Killed a boulder beetle
 16599 | D:12     | Noticed Rupert
 16604 | D:11     | HP: 2/94 [Rupert (37)]
 16604 | D:11     | Mangled by Rupert

Illustrated notes

Levels and vault maps discovered:
D:1:      heliophobic_arrival_dark_side_of_the_moon, layout_basic
D:2:      layout_rooms, uniq_crazy_yiuf_cottage
D:3:      layout_basic
D:4:      layout_basic, chequers_temple_overflow_statue_of_worship,
          lemuel_crystal_altar, enter_ossuary_1
D:5:      layout_layer_cave, minmay_temple_entry_statues_pillars
D:6:      kennysheep_steamy, layout_basic, st_stairs_4
D:7:      layout_rooms, enter_bailey_5, corexii_item_surrounded_by_moat,
          uniq_joseph, uniq_menkaure
D:8:      layout_gridville, mainiacjoe_overflow_paths, minmay_lair_entry_grove,
          abandoned_shop, uniq_erica
D:9:      layout_cave_pools, gammafunk_temple_overflow_elements, uniq_psyche
D:10:     layout_long_grid
D:11:     layout_basic, orc_0_dummy
D:12:     layout_cave_pools, serial_shops, shop, shop_statue,
          nicolae_shop_trees, gauntlet_entry_generic, uniq_urug, uniq_erolcha,
          uniq_rupert
Temple:   regret_index_temple_sphere_string

Skill      XL: |  1  2  3  4  5  6  7  8  9 10 11 12 |
---------------+-------------------------------------+-----
Spellcasting   | 3 4 5 7 8 9 10 11 | 11.4
Fighting       | 3 6 9 10 11 | 11.2
Armour         | 4 5 |  5.4
Dodging        | |  2.1
Stealth        | |  1.5

Action                   |  1- 3 |  4- 6 |  7- 9 | 10-12 || total
-------------------------+-------+-------+-------+-------++-------
Melee: Dagger            |    20 |    18 |     4 |       ||    42
       Punch             |     1 |       |     1 |       ||     2
       Short sword       |       |       |    11 |    41 ||    52
 Cast: Magic Dart        |    42 |    47 |    48 |    41 ||   178
       Sting             |     7 |    11 |    16 |     3 ||    37
       Conjure Flame     |       |     2 |     5 |    15 ||    22
       Searing Ray       |       |    11 |    47 |    60 ||   118
       Mephitic Cloud    |       |       |     3 |    13 ||    16
       Corpse Rot        |       |       |     1 |     4 ||     5
       Fulminant Prism   |       |       |     6 |    15 ||    21
       Call Imp          |       |       |     1 |       ||     1
       Slow              |       |       |       |    23 ||    23
       Yara's Violent Un |       |       |       |    13 ||    13
       Blink             |       |       |       |     5 ||     5
  Use: Scroll            |       |     1 |     9 |    12 ||    22
       Potion            |       |       |       |     2 ||     2
 Stab: Sleeping          |       |       |     2 |       ||     2
       Distracted        |       |       |       |     2 ||     2
Armor: Leather armour    |       |     7 |     3 |       ||    10
       Scale mail        |       |       |     4 |       ||     4
       Steam dragon scal |       |       |     5 |     2 ||     7
       Ring mail         |       |       |       |    38 ||    38
Dodge: Dodged            |    10 |    23 |    40 |    63 ||   136

Table legend: (Time is in decaauts)
 A = Elapsed time spent in this place.
 B = Non-inter-level travel time spent in this place.
 C = Inter-level travel time spent in this place.
 D = Time resting spent in this place.
 E = Time spent auto-exploring this place.
 F = Levels seen in this place.
 G = Mean time per level.
                   A        B        C        D        E       F      G
               +--------+--------+--------+--------+--------+-----+--------+
         Total |  16624 |  16161 |    463 |   7404 |   6479 |  14 | 1187.4 |
       Dungeon |  15486 |  15023 |    463 |   6822 |   6106 |  12 | 1290.5 |
        Temple |    407 |    407 |      0 |      0 |    367 |   1 |  407.0 |
       Ossuary |    729 |    729 |      0 |    582 |      6 |   1 |  729.0 |
               +--------+--------+--------+--------+--------+-----+--------+

Top non-repeatable levels by time:
     D:6: 2197 daAuts
     D:8: 2039 daAuts
    D:11: 1985 daAuts
     D:4: 1477 daAuts
    D:10: 1369 daAuts
     D:3: 1172 daAuts
     D:2: 1141 daAuts
     D:5: 1139 daAuts
     D:7: 1130 daAuts
     D:1: 982 daAuts
     D:9: 801 daAuts
 Ossuary: 729 daAuts
  Temple: 407 daAuts
    D:12: 50 daAuts
